 Dungeon Crawl Stone Soup version 0.31-a0-986-g5e6e4ef867 (webtiles) character file.

Game seed: 14090916867471514012

8 ytrimaz the Ruffian (level 2, 0/21 HPs)
             Began as a Demonspawn Shapeshifter on Nov 3, 2023.
             Succumbed to a goblin's poison
             ... on level 1 of the Dungeon.
             The game lasted 00:00:20 (178 turns).

ytrimaz the Ruffian (Demonspawn Shapeshifter)        Turns: 178, Time: 00:00:20

Health: 0/21       AC:  2    Str: 14    XL:     2   Next: 0%
Magic:  2/2        EV: 12    Int: 11    God:
Gold:   0          SH:  0    Dex: 12    Spells: 1/1 levels left

rFire   . .          .
                       - Unarmed
rCold   . . .        (no shield)
rNeg    . . .        a - +0 animal skin
rPois   .            (helmet currently unavailable)
rElec   .            (cloak currently unavailable)
rCorr   .            (gloves currently unavailable)
SInv    .            (boots currently unavailable)
Will    .....        (no amulet)
Stlth   +            (no ring)
HPRegen 0.23/turn    (no ring)
MPRegen 0.08/turn

%: no passive effects
@: lethally poisoned (0 -> -1), beast-form
A: beast (slay +1), demonic magic 1
a: Begin Untransformation


You were on level 1 of the Dungeon.
You were a hulking beast.
You visited 1 branch of the dungeon, and saw 1 of its levels.


Innate Abilities, Weirdness & Mutations

You are a hulking beast.
Your limbs bulge with bestial killing power. (Slay +1)
Spells you cast may paralyse adjacent enemies.


   Skills:
 * Level 1.4 Fighting
 * Level 2.0 Dodging
 + Level 2.8 Unarmed Combat
 + Level 2.7 Shapeshifting


You had one spell level left.
You didn't know any spells.
Your spell library contained the following spells:

 Spells                   Type           Power      Damage    Failure   Level
 Poisonous Vapours        Pois/Air       0%         N/A       47%         2
 Mephitic Cloud           Conj/Pois/Air  0%         N/A       71%         3
 Freezing Cloud           Conj/Ice/Air   0%         6-21      100%        5
 Chain Lightning          Conj/Air       0%         N/A       100%        9
 Fire Storm               Conj/Fire      0%         5d1       100%        9
 Shatter                  Erth           0%         3d5*      100%        9

Inventory:

Armour
 a - a +0 animal skin (worn)
Talismans
 c - a beast talisman
 d - a flux talisman
Scrolls
 f - a scroll of blinking {unknown}
Potions
 b - a potion of lignification
 e - a potion of heal wounds {unknown}

Dungeon Overview and Level Annotations

Branches:
Dungeon (1/15) Zot: 5823

Altars:

..# ... ..#
#.# #.# #.#
#†# #h# #)#
#.# #.# #.#
####.######
#.......$...
#....#######
#..###


There were no monsters in sight!


Message History

You add the spells Chain Lightning, Fire Storm and Shatter to your library.
A kobold comes into view. It is wielding a +0 club.
Found a stone staircase leading down.
The kobold shouts!
A kobold is nearby!
A kobold is nearby!
A kobold is nearby!
A rat comes into view.
There are monsters nearby!
The kobold hits you but does no damage.
There are monsters nearby!
You hit the kobold.
You kill the kobold!
Your Dodging skill increases to level 2!
You see here a +0 club.
You barely miss the rat. The rat bites you.
You hit the rat.
You kill the rat! 😕 HP[-1]
You take 1 damage, and now have 14/15 hp.
You see here a rat corpse. 😎 HP[+1]
Your hp is fully restored (15).
No target in view!
Unknown command.
No target in view!
A goblin comes into view. It is wielding a +2 dagger of venom.
A goblin is nearby!
A goblin is nearby!
A goblin is nearby!
Unknown command.
The goblin shouts!
Unknown command.
You barely miss the goblin. You barely miss the goblin.
The goblin closely misses you.
A ball python comes into view.
You hit the goblin but do no damage.
The goblin hits you with a +2 dagger of venom.
You are lethally poisoned! 😕 HP[-3]
You take 3 damage, and now have 12/15 hp.
There is a lethal amount of poison in your body!
You hit the goblin.
You kill the goblin!
You feel very sick.
You have reached level 2!
Your demonic ancestry asserts itself...
A menacing aura infuses your magic. 😮 HP[+1] MP[+1]
You now have 21 max hp (+6).
Your mp is fully restored (2).
You are too injured to fight recklessly!
* * * LOW HITPOINT WARNING * * *
You feel very sick.
Things that are here:
a +2 dagger of venom; 5 poisoned darts; a goblin corpse 😨 HP[-3]
You take 3 damage, and now have 10/21 hp.
You feel sick.
Unknown command.
You are too injured to fight recklessly! 😨 HP[-2]
You take 2 damage, and now have 8/21 hp.
You hit the ball python.
You feel sick. The ball python barely misses you.
The ball python closely misses you. 😨 HP[-1]
You take 1 damage, and now have 7/21 hp.
You are too injured to fight recklessly!
You barely miss the ball python.
You feel sick. The ball python completely misses you.
The ball python grabs you. The ball python constricts you.
The ball python bites you but does no damage.
The ball python constricts you.
* * * LOW HITPOINT WARNING * * *
😱 HP[-2]
You take 2 damage, and now have 5/21 hp.
You barely miss the ball python.
You feel sick. The ball python bites you.
* * * LOW HITPOINT WARNING * * *
The ball python constricts you.
You are too injured to fight recklessly! 😱 HP[-1]
You take 1 damage, and now have 4/21 hp.
You hit the ball python but do no damage.
* * * LOW HITPOINT WARNING * * *
You feel sick. The ball python barely misses you.
The ball python constricts you.
Unknown command. 😱 HP[-1]
You take 1 damage, and now have 3/21 hp.
You barely miss the ball python.
* * * LOW HITPOINT WARNING * * *
You feel sick. The ball python bites you.
* * * LOW HITPOINT WARNING * * *
The ball python constricts you. 😱 HP[-2]
You take 2 damage, and now have 1/21 hp.
Unknown command.
You hit the ball python.
You kill the ball python!
You die...

Skill      XL: |  1 |
---------------+----+-----
Dodging        | 2 |  2.0
Fighting       | |  1.4
Unarmed Combat | |  2.8
Shapeshifting  | |  2.7

Action                     || total
---------------------------++-------
  Melee: Unarmed           ||    27
         Punch             ||     1
 Armour: Animal skin       ||    13
  Dodge: Dodged            ||    10

Levels and vault maps discovered:
D:1:      matt_arrival_diagonals, layout_loops_ring, minivault_14

Notes
Turn   | Place    | Note
-------+----------+-------------------------------------------
     0 | D:1      | ytrimaz the Demonspawn Shapeshifter began the quest for the
                  | Orb.
     0 | D:1      | Reached XP level 1. HP: 15/15 MP: 1/1
     0 | D:1      | magus.rc [v1.9.6]
     3 | D:1      | You pick up a book of Vapours and begin reading...
     3 | D:1      | You add the spells Poisonous Vapours, Mephitic Cloud and
                  | Freezing Cloud to your library.
   131 | D:1      | You pick up a book of Annihilations and begin reading...
   131 | D:1      | You add the spells Chain Lightning, Fire Storm and Shatter
                  | to your library.
   152 | D:1      | Reached skill level 2 in Dodging
   171 | D:1      | Gained mutation: Spells you cast may paralyse adjacent
                  | enemies. [demonic ancestry]
   171 | D:1      | Reached XP level 2. HP: 13/21 MP: 2/2
   174 | D:1      | HP: 5/21 [constriction (1)]
   177 | D:1      | HP: 2/21 [poisoned by a goblin]
   178 | D:1      | Succumbed to a goblin's poison

Vanquished Creatures
  A ball python (D:1)
  2 giant cockroaches (D:1)
  2 goblins (D:1)
  A kobold (D:1)
  2 rats (D:1)
8 creatures vanquished.

Table legend:
 A = Non-vault XP
 B = Vault XP
 C = Vault XP percentage of total XP
 D = Non-vault monster count
 E = Vault monster count
 F = Vault count percentage of total count
                 A         B        C        D         E       F
            +---------+---------+-------+---------+---------+-------
      Total |      14 |       0 |   0.0 |       8 |       0 |   0.0
            +---------+---------+-------+---------+---------+-------
        D:1 |      14 |       0 |   0.0 |       8 |       0 |   0.0
            +---------+---------+-------+---------+---------+-------

Skill      XL: |  1 |
---------------+----+-----
Dodging        | 2 |  2.0
Fighting       | |  1.4
Unarmed Combat | |  2.8
Shapeshifting  | |  2.7

Action                     || total
---------------------------++-------
  Melee: Unarmed           ||    27
         Punch             ||     1
 Armour: Animal skin       ||    13
  Dodge: Dodged            ||    10

Illustrated notes

Table legend:
 A = Kills in this place as a percentage of kills in the entire game.
 B = Kills by you in this place as a percentage of kills by you in the entire game.
 C = Kills by friends in this place as a percentage of kills by friends in the entire game.
 D = Other kills in this place as a percentage of other kills in the entire game.
 E = Experience gained in this place as a percentage of experience gained in the entire game.
 F = Experience gained in this place divided by the number of levels of this place that you have seen.
                   A       B       C       D       E      F
               +-------+-------+-------+-------+-------+----------------------
         Total | 100.0 | 100.0 |   N/A |   N/A | 100.0 |  14.0
       Dungeon | 100.0 | 100.0 |   N/A |   N/A | 100.0 |  14.0
               +-------+-------+-------+-------+-------+----------------------

Table legend: (Time is in decaauts)
 A = Elapsed time spent in this place.
 B = Non-inter-level travel time spent in this place.
 C = Inter-level travel time spent in this place.
 D = Time resting spent in this place.
 E = Time spent auto-exploring this place.
 F = Levels seen in this place.
 G = Mean time per level.
                   A        B        C        D        E       F      G
               +--------+--------+--------+--------+--------+-----+--------+
         Total |    176 |    176 |      0 |      0 |    114 |   1 |  176.0 |
       Dungeon |    176 |    176 |      0 |      0 |    114 |   1 |  176.0 |
               +--------+--------+--------+--------+--------+-----+--------+

Top non-repeatable levels by time:
     D:1: 176 daAuts
